 Dungeon Crawl Stone Soup version 0.29-b1-12-g9e2288ab2a (webtiles) character file.

Game seed: 15689839045126613535

943 GigaChad the Slasher (level 7, -2/61 HPs)
             Began as a Minotaur Fighter on Aug 24, 2022.
             Was a Priest of Ignis.
             Slain by an ogre
             ... wielding a +0 giant spiked club
              (25 damage)
             ... on level 5 of the Dungeon.
             The game lasted 00:12:38 (4615 turns).

GigaChad the Slasher (Minotaur Fighter)             Turns: 4615, Time: 00:12:39

Health: -2/61      AC:  7    Str: 23    XL:     7   Next: 88%
Magic:  6/6        EV: 10    Int:  5    God:    Ignis [***...]
Gold:   219        SH:  4    Dex:  9    Spells: 6/6 levels left

rFire   + . .      SeeInvis .   a - +2 long sword
rCold   . . .      Faith    .   c - +0 buckler
rNeg    . . .      Spirit   .   b - +0 scale mail
rPois   +          Reflect  .   (helmet restricted)
rElec   .          Harm     .   (no cloak)
rCorr   .          Rampage  .   (no gloves)
Will    .....                   (no boots)
Stlth   ..........              g - amulet of regeneration
HPRegen 1.00/turn               j - ring of poison resistance
MPRegen 0.10/turn               m - ring of flight

@: flying
A: horns 2, retaliatory headbutt
a: Renounce Religion, Fiery Armour, Foxfire Swarm, Rising Flame


You were on level 5 of the Dungeon.
You worshipped Ignis.
Ignis was most pleased with you.
You visited 2 branches of the dungeon, and saw 6 of its levels.

You collected 219 gold pieces.

Inventory:

Hand Weapons
 a - a +2 long sword (weapon)
 q - a +0 scythe
 x - a +0 broad axe
Armour
 b - a +0 scale mail (worn)
 c - a +0 buckler (worn)
Jewellery
 f - an amulet of reflection
 g - an amulet of regeneration (around neck)
 j - a ring of poison resistance (left hand)
 k - an amulet of guardian spirit
 m - a ring of flight (right hand)
 n - a ring of magical power
Wands
 u - a wand of roots (5)
Scrolls
 e - a scroll of blinking
 l - 2 scrolls of teleportation
 s - a scroll of enchant armour
 t - a scroll of immolation
Potions
 d - 3 potions of might
 h - a potion of brilliance {unknown}
 i - 6 potions of curing {unknown}
 o - a potion of experience {unknown}
 p - a potion of resistance {unknown}
 r - a potion of flight {unknown}
 v - a potion of lignification {unknown}
 w - a potion of degeneration {unknown}
 z - a potion of heal wounds {unknown}


   Skills:
 + Level 5.3 Fighting
 + Level 7.0 Long Blades
 + Level 6.6 Armour
 + Level 2.5 Dodging
 + Level 0.7 Stealth
 + Level 5.2 Shields


You had 6 spell levels left.
You didn't know any spells.
Your spell library contained the following spells:

 Spells                   Type           Power      Damage    Failure   Level
 Magic Dart               Conj           0%         1d3       85%         1
 Call Imp                 Summ           0%         N/A       94%         2
 Ensorcelled Hibernation  Hex/Ice        0%         N/A       94%         2
 Passwall                 Tmut/Erth      0%         N/A       94%         2
 Mephitic Cloud           Conj/Pois/Air  0%         N/A       99%         3
 Spider Form              Tmut/Pois      0%         N/A       99%         3
 Swiftness                Air            0%         N/A       99%         3
 Anguish                  Hex/Necr       0%         N/A       100%        4
 Hailstorm                Conj/Ice       0%         3d3       100%        4
 Ice Form                 Ice/Tmut       0%         N/A       100%        4
 Simulacrum               Ice/Necr       0%         N/A       100%        6


Dungeon Overview and Level Annotations

Branches:
Dungeon (5/15)             Temple (1/1) D:5

Altars:
Ashenzari
Dithmenos
Elyvilon
Hepliaklqana
Kikubaaqudgha
Nemelex Xobeh
Ru
Sif Muna
Wu Jian
Xom
Zin
The Shining One
Ignis

Annotations:
D:4 2 runed translucent doors, Zeldest's ghost, amateur OpTm


Innate Abilities, Weirdness & Mutations

You have a pair of horns on your head.
You reflexively headbutt those who attack you in melee.


Message History

a +0 dagger; a +0 robe; an orc corpse
Things that are here:
a +0 dagger; a +0 robe; an orc corpse
Things that are here:
a +0 dagger; a +0 robe
There is a staircase to the Ecumenical Temple here.
You fly downwards.
Welcome to the Ecumenical Temple!
There is a staircase back to the Dungeon here.
Found two altars.
Found a glowing golden altar of the Shining One and a shimmering altar of Xom.
You reach down and open the door.
Found an ornate altar of the Wu Jian Council.
You reach down and open the door.
There is an open door here.
Found a glowing silver altar of Zin and a shadowy altar of Dithmenos.
Found a hazy altar of Hepliaklqana and a broken altar of Ashenzari.
There is an open door here.
You reach down and open the door.
There is an open door here.
There is an open door here.
There is a staircase back to the Dungeon here.
You can't go down here!
You fly upwards.
Welcome back to the Dungeon!
There is a staircase to the Ecumenical Temple here.
You now have 219 gold pieces (gained 8).
An ogre comes into view. It is wielding a +0 giant spiked club.
The ogre shouts!
Found a sacrificial altar of Ru.
Found a stone staircase leading down.
The ogre closely misses you. The ogre closely misses you.
The ogre hits you with a +0 giant spiked club!
You slash the ogre!
The ogre is heavily wounded.
You hit the ogre. You headbutt the ogre.
The ogre is heavily wounded.
The ogre hits you with a +0 giant spiked club!!
You hit the ogre but do no damage.
The ogre is heavily wounded.
The ogre hits you with a +0 giant spiked club!!
You die...

#..#......#...#....###
#..#.##...#...#....#
#..#.###..#......#.#
#.##..##.#.#
...##.##.# #
....####.#.###
.....#...#...###
._.....O.......#
....#.@....>#.# ...
#.####### .. #.. . ##.
##


You could see an ogre.

Vanquished Creatures
  Sigmund (D:3)
  A black bear (D:4)
  A phantom (D:3)
  A gnoll sergeant (D:4)
  3 scorpions
  2 hounds
  A jelly (D:5)
  An iguana (D:5)
  3 orc wizards
  8 gnolls
  4 adders
  2 worms
  3 dart slugs
  9 orcs
  4 bats
  7 endoplasms
  2 giant cockroaches
  9 goblins
  9 hobgoblins
  2 jackals (D:1)
  2 quokkas
  8 ball pythons
  A frilled lizard (D:1)
  3 kobolds
  4 rats
91 creatures vanquished.

Vanquished Creatures (others)
  39 foxfires
  5 plants (D:4)
44 creatures vanquished.

Grand Total: 135 creatures vanquished

Notes
Turn   | Place    | Note
-------+----------+-------------------------------------------
     0 | D:1      | GigaChad the Minotaur Fighter began the quest for the Orb.
     0 | D:1      | Reached XP level 1. HP: 19/19 MP: 0/0
   266 | D:1      | Reached XP level 2. HP: 23/27 MP: 1/1
   488 | D:1      | Found a faded altar of an unknown god.
   498 | D:1      | Prayed at the altar of an unknown god.
   498 | D:1      | Became a worshipper of Ignis, the Dying Flame
  1474 | D:2      | Reached XP level 3. HP: 33/33 MP: 2/2
  1599 | D:2      | Reached skill level 3 in Long Blades
  2225 | D:3      | Found a shimmering blue altar of Sif Muna.
  2225 | D:3      | Noticed a phantom
  2237 | D:3      | Killed a phantom
  2238 | D:3      | Reached skill level 4 in Long Blades
  2238 | D:3      | Reached XP level 4. HP: 35/40 MP: 3/3
  2336 | D:3      | Found a white marble altar of Elyvilon.
  2477 | D:3      | Noticed Sigmund
  2494 | D:3      | Killed Sigmund
  2495 | D:3      | Reached skill level 5 in Long Blades
  2495 | D:3      | Reached skill level 5 in Armour
  2495 | D:3      | Reached skill level 1 in Dodging
  2495 | D:3      | Reached XP level 5. HP: 32/47 MP: 4/4
  2495 | D:3      | Reached XP level 6. HP: 36/53 MP: 5/5
  3655 | D:4      | Reached skill level 6 in Long Blades
  3655 | D:4      | Reached XP level 7. HP: 56/60 MP: 6/6
  3686 | D:4      | Reached skill level 5 in Fighting
  4022 | D:4      | Found a large runed translucent door.
  4023 | D:4      | Found a large runed translucent door.
  4025 | D:4      | Noticed Zeldest's ghost (amateur OpTm)
  4158 | D:5      | Entered Level 5 of the Dungeon
  4487 | D:5      | Reached skill level 5 in Shields
  4507 | D:5      | Found a staircase to the Ecumenical Temple.
  4521 | D:5      | Reached skill level 7 in Long Blades
  4547 | Temple   | Entered the Ecumenical Temple
  4609 | D:5      | Found a sacrificial altar of Ru.
  4615 | D:5      | Slain by an ogre

Illustrated notes

Levels and vault maps discovered:
D:1:      scummos_arrival_checkerplants, layout_basic,
          ebering_ecumenical_altar_abandoned, chequers_avenue,
          hangedman_abyss_or_decor_stabs, roderic_filled_cross, corner_web_ring,
          minmay_3d_cube
D:2:      minmay_general_purpose_star, layout_basic, kennysheep_generic_room_3
D:3:      layout_loops_corners, elyvilon_altar_3, mainiacjoe_overflow_boulevard,
          uniq_sigmund
D:4:      layout_cave_pools, serial_bayou, serial_bayou_crossing,
          serial_bayou_pond_a, serial_bayou_pond_e, serial_bayou_shore_b,
          ebering_ghost_disaster_area, minmay_misc_feat_tiny
D:5:      layout_basic, lemuel_round_altar, minmay_temple_entry_tees, uniq_pikel
Temple:   nicolae_temple_god_jail

Skill      XL: |  1  2  3  4  5  6  7 |
---------------+----------------------+-----
Fighting       | 4 5 |  5.3
Armour         | 4 5 6 |  6.6
Long Blades    | 4 5 6 7 |  7.0
Shields        | 4 5 |  5.2
Dodging        | 1 2 |  2.5
Stealth        | |  0.7

Action                   |  1- 3 |  4- 6 |  7- 9 || total
-------------------------+-------+-------+-------++-------
Melee: Long sword        |    78 |    91 |    84 ||   253
       Headbutt          |     9 |    17 |    17 ||    43
Invok: Foxfire Swarm     |       |     3 |     1 ||     4
  Use: Scroll            |     3 |     3 |     1 ||     7
Armor: Scale mail        |    48 |    53 |    51 ||   152
Dodge: Dodged            |    52 |    42 |    57 ||   151
Block: Buckler           |    18 |    20 |    19 ||    57
